 Dungeon Crawl Stone Soup version 0.31-a0-705-ga145531891 (webtiles) character file.

Game seed: 17657642440065983717

193 qw the Shooter (level 5, -2/33 HPs)
             Began as a Gargoyle Hunter on Sept 9, 2023.
             Slain by an orc
             ... wielding a +2 short sword of venom
              (4 damage)
             ... on level 4 of the Dungeon.
             The game lasted 00:00:55 (2848 turns).

qw the Shooter (Gargoyle Hunter)                    Turns: 2848, Time: 00:00:55

Health: -2/33      AC: 10    Str: 15    XL:     5   Next: 72%
Magic:  5/5        EV: 11    Int:  9    God:
Gold:   137        SH:  0    Dex: 15    Spells: 4/4 levels left

rFire   . . .        Y - +2 shortbow
rCold   . . .        (shield currently unavailable)
rNeg    + . .        f - +0 ring mail
rPois   inf          (no helmet)
rElec   +            (no cloak)
rCorr   .            k - +0 pair of gloves
SInv    .            (no boots)
Will    .....        (no amulet)
Stlth   +            (no ring)
HPRegen 0.25/turn    (no ring)
MPRegen 0.09/turn

%: no passive effects
@: no status effects
A: sickness immunity, AC +4, negative energy resistance 1, electricity
resistance, torment resistance 1, petrification resistance
a: no special abilities


You were on level 4 of the Dungeon.
You visited 1 branch of the dungeon, and saw 4 of its levels.

You collected 137 gold pieces.


Innate Abilities, Weirdness & Mutations

You are immune to sickness and miasma.
Your stone body is resilient. (AC +4)
You are immune to poison.
You resist negative energy. (rN+)
You are resistant to electric shocks. (rElec)
You are resistant to unholy torment.
You are immune to petrification.


   Skills:
 + Level 3.7 Fighting
 - Level 6.0 Ranged Weapons
 - Level 1.0 Armour
 - Level 1.5 Dodging
 - Level 1.1 Stealth


You had 4 spell levels left.
You didn't know any spells.
Your spell library was empty.

Inventory:

Hand Weapons
 Y - a +2 shortbow (weapon)
Armour
 f - a +0 ring mail (worn)
 k - a +0 pair of gloves (worn)
Scrolls
 h - 2 scrolls of identify
Potions
 a - a potion of resistance
 b - 2 potions of haste {unknown}
 c - a potion of heal wounds {unknown}
 d - a potion of mutation
 e - a potion of curing
 g - a potion of lignification {unknown}

Dungeon Overview and Level Annotations

Branches:
Dungeon (4/15)
 Temple: D:4-7

Altars:
Ashenzari
Cheibriados
Vehumet


Message History

The dart slug is severely wounded.
The jackal bites you but does no damage.
The orc hits you with a +0 mace.
You shoot an arrow. The arrow hits the dart slug.
You kill the dart slug!
The jackal bites you but does no damage. x2
The orc hits you with a +0 mace.
You shoot an arrow. The arrow hits the jackal.
The jackal is severely wounded.
The jackal bites you. The orc hits you but does no damage.
The jackal bites you.
You shoot an arrow. The arrow hits the jackal!
You kill the jackal!
The orc hits you but does no damage.
You shoot an arrow. The arrow hits the orc!
You kill the orc!
You shoot an arrow. The arrow hits the orc.
The orc is severely wounded.
The orc barely misses you.
You shoot an arrow. The arrow barely misses the orc.
The orc hits you but does no damage. x2
The orc priest hits you but does no damage.
You shoot an arrow. The arrow completely misses the orc.
The orc hits you but does no damage. x2
The orc priest hits you but does no damage.
An orc comes into view. It is wielding a +0 falchion.
You shoot an arrow. The arrow hits the orc!
You kill the orc!
The orc hits you but does no damage. The orc priest closely misses you.
You shoot an arrow. The arrow closely misses the orc.
The orc hits you but does no damage.
The orc priest mumbles some strange prayers to Beogh against you.
Beogh smites you! The orc hits you but does no damage.
The orc priest hits you but does no damage.
You shoot an arrow. The arrow hits the orc.
The orc is almost dead.
The orc barely misses you.
The orc priest hits you from afar with a +0 trident.
You shoot an arrow. The arrow closely misses the orc.
The orc hits you with a +2 short sword of venom.
You die...

.....# #.# #
#.#.# #.# . #.
#..# #.# ..##.#
##[######.#
....###.........#
#.#.#.#.########
#.......#
####.#### #@#
....ooo)%......
####.######.... #
..


You could see an orc priest and 2 orcs.

Vanquished Creatures
  An orc priest (D:4)
  An iguana (D:3)
  An orc wizard (D:3)
  4 adders
  2 dart slugs (D:4)
  12 orcs
  5 ball pythons
  2 endoplasms
  A giant cockroach (D:3)
  7 goblins
  5 hobgoblins
  7 jackals
  3 kobolds
  2 quokkas
  3 bats
  A rat (D:3)
57 creatures vanquished.

Notes
Turn   | Place    | Note
-------+----------+-------------------------------------------
     0 | D:1      | qw the Gargoyle Hunter began the quest for the Orb.
     0 | D:1      | Reached XP level 1. HP: 12/12 MP: 1/1
     0 | D:1      | 0 ||| qw: Version: 0.3-a-80-g6052c40
     0 | D:1      | 0 ||| qw: Game counter: 1321
     0 | D:1      | 0 ||| qw: Melee chars always use a shield: true
     0 | D:1      | 0 ||| qw: God list: Okawaru
     0 | D:1      | 0 ||| qw: Allow faded altars: false
     0 | D:1      | 0 ||| qw: Do Orc after clearing Dungeon:15 true
     0 | D:1      | 0 ||| qw: Do second Lair branch before Depths: true
     0 | D:1      | 0 ||| qw: Lair rune preference: random
     0 | D:1      | 0 ||| qw: Goals: Normal
     0 | D:1      | 0 ||| PLANNING D:1-11
   812 | D:1      | 812 ||| UPGRADING to +0 ring mail.
   822 | D:1      | 822 ||| DROPPING +0 leather armour.
   823 | D:1      | 823 ||| UPGRADING to +0 pair of gloves.
   828 | D:1      | 828 ||| READING scroll labelled ENNISKEIKH.
   829 | D:1      | 829 ||| READING 2 scrolls labelled QUELON QIOMMO.
   830 | D:1      | 830 ||| READING scroll labelled MYITTISMUTE.
   834 | D:1      | 834 ||| READING scroll labelled TIPNOIG SALL.
   835 | D:1      | 835 ||| READING scroll labelled BITZIT WI FAEPP.
   836 | D:1      | 836 ||| DROPPING scroll of butterflies.
   889 | D:2      | Found a broken altar of Ashenzari.
   939 | D:2      | Reached XP level 2. HP: 17/17 MP: 2/2
   969 | D:2      | Reached skill level 1 in Armour
  1321 | D:2      | Found a faded altar of an unknown god.
  1527 | D:2      | Reached XP level 3. HP: 21/21 MP: 3/3
  1576 | D:2      | 1576 ||| READING scroll labelled UGYXUUF HODUAFF.
  1577 | D:2      | 1577 ||| READING scroll labelled TURCHE ODEASM.
  1578 | D:2      | 1578 ||| DRINKING 2 fuming yellow potions.
  1579 | D:2      | 1579 ||| READING 4 scrolls of identify.
  1579 | D:2      | 1579 ||| IDENTIFYING grey potion
  1580 | D:2      | 1580 ||| READING 3 scrolls of identify.
  1580 | D:2      | 1580 ||| IDENTIFYING lumpy cyan potion
  1581 | D:2      | 1581 ||| READING 2 scrolls of identify.
  1581 | D:2      | 1581 ||| IDENTIFYING viscous black potion
  1582 | D:2      | 1582 ||| DROPPING potion of attraction.
  1583 | D:2      | 1583 ||| DROPPING potion of degeneration.
  1613 | D:3      | 1613 ||| STAIRDANCE
  1655 | D:3      | Reached skill level 5 in Ranged Weapons
  1753 | D:3      | Reached skill level 3 in Fighting
  1753 | D:3      | Reached XP level 4. HP: 11/28 MP: 4/4
  1841 | D:3      | Found a radiant altar of Vehumet.
  1878 | D:3      | Identified the +10 mace of Cheibriados's Regard {protect,
                  | Int+5}
  2004 | D:3      | 2004 ||| READING scroll of enchant weapon.
  2004 | D:3      | 2004 ||| ENCHANTING +1 shortbow.
  2249 | D:3      | Reached XP level 5. HP: 14/32 MP: 5/5
  2490 | D:3      | 2490 ||| READING scroll labelled ROS NUVVAORI.
  2491 | D:3      | 2491 ||| READING 2 scrolls of identify.
  2491 | D:3      | 2491 ||| IDENTIFYING fuming golden potion
  2538 | D:4      | HP: 1/32 [orc priest/divine providence (12)]
  2539 | D:4      | 2539 ||| READING scroll of teleportation.
  2672 | D:4      | Reached skill level 6 in Ranged Weapons
  2771 | D:4      | Found a snail-covered altar of Cheibriados.
  2846 | D:4      | HP: 4/33 [orc priest/divine providence (16)]
  2848 | D:4      | Slain by an orc

Levels and vault maps discovered:
D:1:      ncdulo_halloftheorcs, layout_basic, minmay_misc_feat_enclosed
D:2:      layout_loops_ring, basic_altar, dreamdust_ecumenical_altar_statues,
          grunt_ministairs_4, minivault_5
D:3:      layout_loops_ring, lemuel_doored_altar
D:4:      layout_loops_ring, mainiacjoe_overflow_alcove_1, serial_shops,
          nicolae_diamond_shop, kennysheep_minor_cross

Skill      XL: |  1  2  3  4  5 |
---------------+----------------+-----
Armour         | 1 |  1.0
Ranged Weapons | 5 6 |  6.0
Fighting       | 3 |  3.7
Dodging        | |  1.5
Stealth        | |  1.1

Action                     |  1- 3 |  4- 6 || total
---------------------------+-------+-------++-------
   Fire: Shortbow          |   107 |    99 ||   206
    Use: Scroll            |    10 |     4 ||    14
         Potion            |     1 |       ||     1
 Armour: Leather armour    |     4 |       ||     4
         Ring mail         |    53 |    66 ||   119
  Dodge: Dodged            |    33 |    47 ||    80

Table legend:
 A = Non-vault XP
 B = Vault XP
 C = Vault XP percentage of total XP
 D = Non-vault monster count
 E = Vault monster count
 F = Vault count percentage of total count
                 A         B        C        D         E       F
            +---------+---------+-------+---------+---------+-------
      Total |     267 |      10 |   3.6 |      52 |       5 |   8.8
            +---------+---------+-------+---------+---------+-------
        D:1 |       9 |       0 |   0.0 |       6 |       0 |   0.0
        D:2 |      21 |      10 |  32.3 |       5 |       5 |  50.0
        D:3 |     128 |       0 |   0.0 |      22 |       0 |   0.0
        D:4 |     109 |       0 |   0.0 |      19 |       0 |   0.0
            +---------+---------+-------+---------+---------+-------
